 Dungeon Sprint DCSS version 0.22.1-1-ga44c0e56f4 (webtiles) character file.

27 MuseOD the Sneak (level 2, -7/14 HPs)
             Began as a Spriggan Enchanter on Sept 27, 2018.
             Mangled by a human (8 damage)
             ... in the Dungeon (Sprint III: "The Ten Rune Challenge").
             The game lasted 00:01:28 (89 turns).

MuseOD the Sneak (Spriggan Enchanter)                 Turns: 89, Time: 00:01:29

Health: -7/14      AC:  2    Str:  4    XL:     2   Next: 93%
Magic:  2/8        EV: 18    Int: 16    God:
Gold:   8          SH:  0    Dex: 16    Spells: 6/9 levels left

rFire    . . .     SeeInvis +   a - +1 dagger
rCold    . . .     Gourm    .   (shield restricted)
rNeg     . . .     Faith    .   b - +0 robe
rPois    .         Spirit   .   (helmet restricted)
rElec    .         Reflect  .   (no cloak)
rCorr    .         Harm     .   (gloves unavailable)
MR       .....     NoTele   +   (boots unavailable)
Stlth    +++.......             (no amulet)
HPRegen  0.04/turn              (no ring)
MPRegen  0.11/turn              (no ring)

@: very slightly contaminated, very quick
A: very small, unfitting armour, see invisible, herbivore, speed 3, slow
metabolism 2
a: no special abilities


You were in the Dungeon.
You were not hungry.

You visited 1 branch You collected 8 gold pieces.

Inventory:

Hand Weapons
 a - a +1 dagger (weapon)
Armour
 b - a +0 robe (worn)
Scrolls
 c - a scroll of amnesia {unknown}
 j - a scroll of blinking
Potions
 e - a potion of curing
 f - a potion of heal wounds
 g - a potion of haste
 h - 2 potions of magic
 i - a potion of berserk rage
 k - a potion of flight {unknown}
Comestibles
 d - a ration


   Skills:
 + Level 1.4 Fighting
 * Level 3.5 Short Blades
 - Level 3.0 Dodging
 + Level 5.5 Stealth
 + Level 4.0 Spellcasting
 + Level 5.0 Hexes


You had 6 spell levels left.
You knew the following spells:

 Your Spells              Type           Power        Failure   Level  Hunger
a - Corona                Hex            ###....      2%          1    None
b - Ensorcelled Hibernat  Hex/Ice        ##....       9%          2    ##.....

Your spell library contained the following spells:

 Spells                   Type           Power        Failure   Level  Hunger
 Confuse                  Hex            ###.....     6%          3    ###....
 Tukima's Dance           Hex            ###.....     6%          3    ###....
 Dazzling Spray           Conj/Hex       ##....       19%         3    ###....


Dungeon Overview and Level Annotations

Branches:
Dungeon (1/1)

Altars:


Innate Abilities, Weirdness & Mutations

You are very small and have problems with some larger weapons.
You are too small for most types of armour.
You have supernaturally acute eyesight. (SInv)
You are a herbivore.
You cover ground extremely quickly.
You need to consume almost no food.


Message History

Aiming: Ensorcelled Hibernation (safe; 9% risk of failure)
Press: ? - help, Shift-Dir - straight line, f/p - human
Aim: a human (almost dead, chance to defeat MR: 42%)
You miscast Ensorcelled Hibernation.
You are very lightly contaminated with residual magic.
A chill runs through your body.
Casting: Ensorcelled Hibernation (safe; 9% risk of failure)
Confirm with . or Enter, or press ? or * to list all spells.
Aiming: Ensorcelled Hibernation (safe; 9% risk of failure)
Press: ? - help, Shift-Dir - straight line, f/p - human
Aim: a human (almost dead, chance to defeat MR: 42%)
You miscast Ensorcelled Hibernation.
Nothing appears to happen.
Casting: Ensorcelled Hibernation (safe; 9% risk of failure)
Confirm with . or Enter, or press ? or * to list all spells.
Okay, then.
You hit the human but do no damage.
The human is almost dead.
The human hits you!
Ouch! That really hurt!
You die...

▓▓▓▓ ▓<.# ▓..#
▓#'####
▓..†.@#....≈ .#
▓†...p#...≈≈♣♣♣♣♣.#
▓.....#..≈≈≈≈♣.♣..+
▓####'#..≈≈≈≈≈≈.♣.#
▓.....#.≈≈≈≈≈≈....#
▓.)...#.≈≈≈≈≈.....#
▓.....#.≈≈≈.......#
▓'#####...........#
▓.................#


You could see a human.

Vanquished Creatures
  Jessica (D)
  2 rats (D)
3 creatures vanquished.

Notes
Turn   | Place    | Note
-------+----------+-------------------------------------------
     0 | D        | MuseOD the Spriggan Enchanter began the quest for the Orb.
     0 | D        | Reached XP level 1. HP: 9/9 MP: 5/5
    14 | D        | Noticed Jessica
    17 | D        | Killed Jessica
    17 | D        | Reached skill level 1 in Fighting
    17 | D        | Reached skill level 5 in Stealth
    17 | D        | Reached skill level 5 in Hexes
    17 | D        | Reached XP level 2. HP: 14/14 MP: 6/8
    21 | D        | Learned a level 2 spell: Ensorcelled Hibernation
    89 | D        | Mangled by a human

Skill      XL: |  1 |
---------------+----+-----
Hexes          | 5 |  5.0
Spellcasting   | 4 |  4.0
Fighting       | 1 |  1.4
Short Blades   | 3 |  3.5
Stealth        | 5 |  5.5
Dodging        | |  3.0

Action                   || total
-------------------------++-------
Melee: Dagger            ||    17
 Cast: Ensorcelled Hiber ||     2
 Stab: Sleeping          ||     2
Armor: Robe              ||     1
Dodge: Dodged            ||     8
